 Dungeon Crawl Stone Soup version 0.31-a0-799-g6bc09d010c (webtiles) character file.

Game seed: 5427201006980893393

4595 Ijustatesigmund the Thaumaturge (level 10, -12/56 HPs)
             Began as a Deep Elf Fire Elementalist on Sept 19, 2023.
             Was an Initiate of Vehumet.
             Killed by vampiric draining
             ... invoked by a vampire
              (16 damage)
             ... on level 9 of the Dungeon.
             The game lasted 00:16:52 (9757 turns).

Ijustatesigmund the Thaumaturge (DEFE)              Turns: 9757, Time: 00:16:53

Health: -12/56     AC:  7    Str: 11    XL:     10   Next: 19%
Magic:  15/25      EV: 15    Int: 25    God:    Vehumet [......]
Gold:   556        SH:  0    Dex: 21    Spells: 14/27 levels left

rFire   . . .        d - +2 scythe (heavy)
rCold   . . .        (shield currently unavailable)
rNeg    . . .        a - +0 robe
rPois   .            (no helmet)
rElec   .            j - +1 cloak
rCorr   .            r - +1 pair of gloves
SInv    .            t - +0 pair of boots
Will    +....        (no amulet)
Stlth   ++           m - +6 ring of dexterity
HPRegen 0.29/turn    w - +6 ring of strength
MPRegen 0.19/turn

%: no passive effects
@: about to teleport, invisible
A: no striking features
a: Renounce Religion


You were on level 9 of the Dungeon.
You worshipped Vehumet.
Vehumet was noncommittal.
You visited 2 branches of the dungeon, and saw 10 of its levels.
You also visited: Sewer.

You collected 622 gold pieces.
You spent 66 gold pieces at shops.

Inventory:

Hand Weapons
 d - a +2 heavy scythe (weapon)
 f - a +3 short sword
 u - the +0 dagger of the Hurling Messenger {flame, rC++}
   (You found it on level 5 of the Dungeon)

   rC++:      It greatly protects you from cold.
Armour
 a - a +0 robe (worn)
 j - a +1 cloak (worn)
 r - a +1 pair of gloves (worn)
 t - a +0 pair of boots (worn)
Jewellery
 m - a +6 ring of dexterity (left hand)
 w - a +6 ring of strength (right hand)
Wands
 o - a wand of light (11)
 x - a wand of charming (14)
 z - a wand of mindburst (8)
 B - a wand of iceblast (7)
Scrolls
 p - 3 scrolls of fog
 v - a scroll of vulnerability
Potions
 b - a potion of magic
 c - 3 potions of curing
 g - 2 potions of haste
 h - a potion of attraction
 k - 2 potions of mutation
 l - 2 potions of lignification
 n - a potion of resistance
 q - a potion of enlightenment
 A - a potion of might


   Skills:
 - Level 4.0 Fighting
 - Level 4.4 Dodging
 - Level 2.4 Stealth
 + Level 9.4 Spellcasting
 + Level 7.4 Conjurations
 - Level 3.2 Transmutations
 + Level 8.2 Fire Magic
 - Level 4.1 Air Magic
 - Level 4.5 Poison Magic
 + Level 0.9 Evocations


You had 14 spell levels left.
You knew the following spells:

 Your Spells              Type           Power      Damage    Failure   Level
a - Foxfire               Conj/Fire      100%       2x1d9     1%          1
b - Scorch                Fire           100%       2d9       1%          2
c - Flame Wave            Conj/Fire      50%        2d12      1%          4
d - Mephitic Cloud        Conj/Pois/Air  38%        N/A       1%          3
e - Ignite Poison         Fire/Tmut/Pois 38%        N/A       1%          3

Your spell library contained the following spells:

 Spells                   Type           Power      Damage    Failure   Level
 Kiss of Death            Conj/Necr      100%       2d13      1%          1
 Magic Dart               Conj           100%       1d8       1%          1
 Sticky Flame             Conj/Fire      50%        2d7       1%          4
 Wereblood                Tmut           27%        N/A       2%          2
 Hailstorm                Conj/Ice       30%        3d8       3%          3
 Inner Flame              Hex/Fire       32%        N/A       3%          3
 Volatile Blastmotes      Fire/Tloc      64%        2d15      3%          3
 Fireball                 Conj/Fire      25%        3d11      6%          5
 Call Imp                 Summ           22%        N/A       8%          2
 Sublimation of Blood     Necr           11%        N/A       8%          2
 Confusing Touch          Hex            11%        N/A       16%         3
 Alistair's Intoxication  Tmut/Pois      20%        N/A       30%         5
 Cause Fear               Hex            5%         N/A       45%         4
 Dispel Undead            Necr           11%        3d9       45%         4
 Summon Ice Beast         Ice/Summ       11%        N/A       45%         4
 Borgnjor's Vile Clutch   Necr/Erth      5%         N/A       82%         5
 Eringya's Noxious Bog    Tmut/Pois      15%        4d6       86%         6
 Simulacrum               Ice/Necr       5%         N/A       100%        6
 Summon Hydra             Summ           5%         N/A       100%        7
 Ignition                 Fire           25%        3d9       100%        8
 Dragon's Call            Summ           5%         N/A       100%        9


Dungeon Overview and Level Annotations

Branches:
Dungeon (9/15)             Temple (1/1) D:7             Orc (0/2) D:9
  Sewer (visited)
   Lair: D:8-11

Altars:
Ashenzari
Dithmenos
Elyvilon
Fedhas
Gozag
Hepliaklqana
Kikubaaqudgha
Makhleb
Nemelex Xobeh
Okawaru
Qazlal
Ru
Sif Muna
Trog
Uskayaw
Vehumet
Wu Jian
Xom
Yredelemnul
Zin
The Shining One

Shops:
D:2 [   D:6 *

Annotations:
D:7 2 transporters, Dwachs's ghost, novice DEFE


Message History

A centaur comes into view.
Something hits you! Something bites you.
Something draws strength from your injuries!
You feel much better.
The centaur wields a +0 shortbow.
The centaur shoots an arrow.
The arrow closely misses you. Something hits you. Something bites you.
Something draws strength from your injuries!
You fade into invisibility!
The centaur shoots an arrow.
The arrow hits you!
The centaur shoots an arrow.
The arrow hits you.
You hear some strange, mumbled words.
Something tries to affect you, but you resist.
You feel much better.
The centaur shoots an arrow.
The arrow barely misses you. Something hits you.
Something completely misses you.
Casting: Flame Wave (dangerous; 1% risk of failure)
Confirm with . or Enter, or press ? or * to list all spells.
You can't see any susceptible monsters within range! (Use Z to cast anyway.)
Casting: Flame Wave (dangerous; 1% risk of failure)
Confirm with . or Enter, or press ? or * to list all spells.
Casting: Flame Wave (dangerous; 1% risk of failure)
Press: ? - help, Dir - look around, f - activate A wave of flame ripples out!
The flame wave engulfs something. (Press . to intensify the flame waves.)
The centaur shoots an arrow.
The arrow hits you.
The centaur shoots an arrow.
The arrow hits you.
A wave of flame ripples out!
The flame wave engulfs something.
Something closely misses you. Something bites you.
Something draws strength from your injuries!
A wave of flame ripples out!
The flame wave engulfs something.
You finish channelling waves of flame.
The centaur shoots an arrow.
The arrow hits you!
The centaur shoots an arrow.
The arrow hits you but does no damage. Something hits you!
* * * LOW HITPOINT WARNING * * *
Something bites you.
* * * LOW HITPOINT WARNING * * *
Something draws strength from your injuries!
As you read the scroll of teleportation, it crumbles to dust.
You feel strangely unstable.
The centaur shoots an arrow.
The arrow hits you.
* * * LOW HITPOINT WARNING * * *
You die...

#..b........ ...
#...b...b...
.c.##########......b....
.................bb....b
................).)b..
..............b).....
#...................
#########...................
...........@{...............
........##########..########
........##########..#
....)...............########
............................
#########.........)[...#####
#..##########..# #..# #..#
#..# #..#


You could see a centaur (unable to see you).

Vanquished Creatures
  A two-headed ogre (D:9)
  A deep elf pyromancer (D:8)
  Sigmund (D:3)
  A shadow (D:8)
  A steam dragon (D:6)
  2 vampire mosquitoes (D:7)
  Edmund (D:5)
  An orc warrior (D:5)
  Pargi (Sewer)
  2 black bears
  2 sky beasts
  An ogre (D:4)
  A centaur (D:8)
  3 kobold brigands
  6 bullfrogs
  4 scorpions
  5 wights (D:8)
  4 killer bees (D:9)
  2 howler monkeys (D:6)
  3 orc priests
  A gnoll bouda (D:4)
  3 hounds
  2 jellies
  5 iguanas
  4 orc wizards
  4 gnolls (D:4)
  7 adders
  A shadow imp (D:6)
  A white imp (D:8)
  A worm (D:2)
  20 orcs
  7 ball pythons
  5 endoplasms
  3 giant cockroaches
  7 goblins
  5 hobgoblins
  7 jackals
  17 kobolds
  5 quokkas
  9 bats
  4 frilled lizards
  8 rats
169 creatures vanquished.

Vanquished Creatures (others)
  374 foxfires
374 creatures vanquished.

Grand Total: 543 creatures vanquished

Notes
Turn   | Place    | Note
-------+----------+-------------------------------------------
     0 | D:1      | Ijustatesigmund the Deep Elf Fire Elementalist began the
                  | quest for the Orb.
     0 | D:1      | Reached XP level 1. HP: 10/10 MP: 6/6
   360 | D:1      | Reached XP level 2. HP: 16/16 MP: 5/8
   363 | D:1      | Learned a level 2 spell: Scorch
  1303 | D:2      | Reached skill level 1 in Fighting
  1303 | D:2      | Reached XP level 3. HP: 20/20 MP: 7/10
  1377 | D:2      | Found Zegg's Armour Emporium.
  1955 | D:3      | Found a glowing drain.
  1960 | Sewer    | Entered a sewer
  1990 | Sewer    | Reached XP level 4. HP: 25/25 MP: 8/11
  1995 | Sewer    | Learned a level 4 spell: Flame Wave
  2128 | Sewer    | Noticed Pargi
  2451 | Sewer    | Killed Pargi
  2452 | Sewer    | Reached skill level 4 in Spellcasting
  2452 | Sewer    | Reached XP level 5. HP: 9/30 MP: 1/13
  3100 | D:3      | Noticed Sigmund
  3114 | D:3      | Killed Sigmund
  3115 | D:3      | Reached skill level 5 in Spellcasting
  3115 | D:3      | Reached XP level 6. HP: 29/36 MP: 7/15
  3252 | D:3      | Found a sparkling altar of Nemelex Xobeh.
  3411 | D:4      | Reached skill level 5 in Fire Magic
  3713 | D:4      | Reached XP level 7. HP: 40/40 MP: 14/17
  3901 | D:4      | Reached skill level 6 in Spellcasting
  4445 | D:5      | Entered Level 5 of the Dungeon
  4642 | D:5      | Reached skill level 5 in Conjurations
  4642 | D:5      | Reached XP level 8. HP: 44/48 MP: 12/20
  4837 | D:5      | Noticed Edmund
  4846 | D:5      | Killed Edmund
  4847 | D:5      | Reached skill level 7 in Spellcasting
  5113 | D:5      | Learned a level 3 spell: Mephitic Cloud
  5319 | D:5      | Reached skill level 1 in Poison Magic
  5597 | D:5      | Reached skill level 1 in Air Magic
  5667 | D:5      | Identified the +0 dagger of the Hurling Messenger {flame,
                  | rC++}
  5826 | D:6      | Found a shimmering blue altar of Sif Muna.
  6877 | D:6      | Reached XP level 9. HP: 43/52 MP: 13/22
  6878 | D:6      | Reached skill level 8 in Spellcasting
  6959 | D:6      | Found Nargh's Assorted Antiques.
  7045 | D:6      | Bought a golden potion for 20 gold pieces
  7045 | D:6      | Bought a scroll of identify for 46 gold pieces
  7151 | D:7      | Noticed a two-headed ogre
  7152 | D:7      | Noticed a moth of wrath
  7154 | D:7      | Noticed Dwachs's ghost (novice DEFE)
  7165 | D:7      | Found a bloodstained altar of Trog.
  7172 | D:7      | Found a transporter.
  7206 | D:7      | Found a transporter.
  7394 | D:7      | Learned a level 3 spell: Ignite Poison
  7497 | D:7      | Found a staircase to the Ecumenical Temple.
  7516 | Temple   | Entered the Ecumenical Temple
  8012 | D:8      | Reached skill level 1 in Transmutations
  8168 | D:8      | Noticed a deep elf pyromancer
  8172 | D:8      | Killed a deep elf pyromancer
  8364 | D:8      | Found a white marble altar of Elyvilon.
  8364 | D:8      | Found a glowing golden altar of the Shining One.
  8365 | D:8      | Found a glowing silver altar of Zin.
  8766 | D:8      | Found a radiant altar of Vehumet.
  8774 | D:8      | Became a worshipper of Vehumet
  8801 | D:8      | Found a sacrificial altar of Ru.
  8927 | D:8      | Reached skill level 9 in Spellcasting
  9181 | D:9      | Noticed a two-headed ogre
  9192 | D:9      | Killed a two-headed ogre
  9193 | D:9      | Reached XP level 10. HP: 56/56 MP: 18/25
  9332 | D:9      | Found a staircase to the Orcish Mines.
  9757 | D:9      | Killed from afar by a vampire

Illustrated notes

Levels and vault maps discovered:
D:1:      dpeg_arrival_tiny_c, layout_basic, glass_columns_a
D:2:      kennysheep_big_flooded_room, layout_basic, serial_shops,
          nicolae_lakefront_shop
D:3:      layout_basic, lemuel_coloured_pillars_altar, portal_sewer_entry_e,
          columned_hall_lemuel, uniq_sigmund
D:4:      layout_gridville
D:5:      cheibrodos_thug_alley, layout_basic, nicolae_the_louvre, uniq_edmund
D:6:      layout_basic, mainiacjoe_overflow_alcove_1, serial_shops, shop_statue
D:7:      layout_basic, minmay_temple_entry_offerings,
          gammafunk_ghost_wrathful_warriors, eino_small_chamber_without_monster,
          uniq_menkaure
D:8:      layout_cave_pods, good_gods_temple_1, mainiacjoe_overflow_two_lobes,
          guppyfry_early_elven_hall
D:9:      layout_long_grid, dpeg_oklobed_lair, orc_0_dummy
Temple:   nicolae_temple_two_arcs

Skill      XL: |  1  2  3  4  5  6  7  8  9 |
---------------+----------------------------+-----
Fighting       | 1 2 3 4 |  4.0
Conjurations   | 2 3 5 6 7 |  7.4
Spellcasting   | 4 5 6 7 9 |  9.4
Fire Magic     | 4 5 6 8 |  8.2
Poison Magic   | 2 4 |  4.5
Dodging        | 3 4 |  4.4
Air Magic      | 2 4 |  4.1
Transmutations | 3 |  3.2
Stealth        | |  2.4
Evocations     | |  0.9

Action                     |  1- 3 |  4- 6 |  7- 9 | 10-12 || total
---------------------------+-------+-------+-------+-------++-------
  Melee: Spear             |     1 |     4 |       |       ||     5
         Halberd           |       |     2 |    23 |       ||    25
   Cast: Foxfire           |    90 |    22 |    97 |    11 ||   220
         Scorch            |     2 |    13 |    43 |     2 ||    60
         Flame Wave        |       |       |    16 |     2 ||    18
         Mephitic Cloud    |       |       |       |     2 ||     2
         Ignite Poison     |       |       |       |     2 ||     2
  Evoke: Wand              |       |       |     1 |       ||     1
    Use: Scroll            |     6 |     1 |    14 |     2 ||    23
         Potion            |       |     1 |       |     3 ||     4
   Stab: Sleeping          |       |       |     2 |       ||     2
 Armour: Robe              |     6 |    10 |    63 |    27 ||   106
  Dodge: Dodged            |    10 |    16 |    63 |    10 ||    99

Table legend: (Time is in decaauts)
 A = Elapsed time spent in this place.
 B = Non-inter-level travel time spent in this place.
 C = Inter-level travel time spent in this place.
 D = Time resting spent in this place.
 E = Time spent auto-exploring this place.
 F = Levels seen in this place.
 G = Mean time per level.
                   A        B        C        D        E       F      G
               +--------+--------+--------+--------+--------+-----+--------+
         Total |   9805 |   9622 |    183 |   1931 |   6408 |  11 |  891.4 |
       Dungeon |   9028 |   8845 |    183 |   1325 |   6374 |   9 | 1003.1 |
        Temple |     39 |     39 |      0 |      0 |      0 |   1 |   39.0 |
         Sewer |    737 |    737 |      0 |    606 |     34 |   1 |  737.0 |
               +--------+--------+--------+--------+--------+-----+--------+

Top non-repeatable levels by time:
     D:8: 1461 daAuts
     D:5: 1325 daAuts
     D:6: 1308 daAuts
     D:4: 1179 daAuts
     D:2: 962 daAuts
     D:1: 937 daAuts
   Sewer: 737 daAuts
     D:3: 725 daAuts
     D:9: 583 daAuts
     D:7: 545 daAuts
  Temple: 39 daAuts
